 Dungeon Crawl Stone Soup version 0.27.1-35-g4d5d836560 (webtiles) character file.

Game seed: 7327871390544690909

98 CrazyMind the Stinger (level 4, -2/32 HPs)
             Began as a Gnoll Venom Mage on July 12, 2022.
             Succumbed to a kobold brigand's curare-tipped dart
             ... on level 6 of the Dungeon.
             The game lasted 00:13:47 (3202 turns).

CrazyMind the Stinger (Gnoll Venom Mage)            Turns: 3202, Time: 00:13:47

Health: -2/32      AC:  3    Str:  6    XL:     4   Next: 69%
Magic:  11/11      EV: 13    Int: 15    God:
Gold:   44         SH:  0    Dex: 12    Spells: 10/13 levels left

rFire    . . .     SeeInvis .   b - +0 dagger
rCold    . . .     Faith    .   (no shield)
rNeg     . . .     Spirit   .   s - +0 leather armour
rPois    .         Reflect  .   (no helmet)
rElec    .         Harm     .   (no cloak)
rCorr    .         Rampage  .   (no gloves)
Will     .....                  (no boots)
Stlth    ++........             (no amulet)
HPRegen  0.10/turn              (no ring)
MPRegen  0.12/turn              (no ring)

@: brilliant, lethally poisoned (-2 -> -17), hasted and slowed
A: fangs 1, strong nose, distributed training, talons 1, weak 1, sturdy frame 1
a: no special abilities


You were on level 6 of the Dungeon.
You visited 1 branch of the dungeon, and saw 4 of its levels.

You collected 44 gold pieces.

Inventory:

Hand Weapons
 b - a +0 dagger (weapon)
 g - a +0 spear
 o - a +0 long sword of protection
Missiles
 d - 37 sling bullets
 f - 72 arrows
 h - 19 bolts
 r - 36 stones
 u - 8 silver javelins
Armour
 a - a +0 robe
 k - a scarf of harm
 s - a +0 leather armour (worn)
Scrolls
 c - a scroll of magic mapping
 i - a scroll of holy word
 j - a scroll of immolation {unknown}
 l - a scroll of teleportation
 q - 2 scrolls of identify {unknown}
 t - a scroll of silence {unknown}
Potions
 e - a potion of brilliance
 m - a potion of mutation
 n - a potion of haste
 p - a potion of heal wounds {unknown}
 v - a potion of degeneration {unknown}


   Skills:
 + Level 1.2 Fighting
 + Level 1.2 Short Blades
 + Level 1.2 Long Blades
 + Level 1.2 Axes
 + Level 1.2 Maces & Flails
 + Level 1.2 Polearms
 + Level 1.2 Staves
 + Level 1.2 Slings
 + Level 1.2 Bows
 + Level 1.2 Crossbows
 + Level 1.2 Throwing
 + Level 1.2 Armour
 + Level 4.7 Dodging
 + Level 4.3 Stealth
 + Level 1.2 Shields
 + Level 1.2 Unarmed Combat
 + Level 5.1 Spellcasting
 + Level 1.0 Conjurations
 + Level 1.0 Hexes
 + Level 1.0 Summonings
 + Level 1.0 Necromancy
 + Level 1.0 Translocations
 + Level 2.3 Transmutations
 + Level 1.0 Fire Magic
 + Level 1.0 Ice Magic
 + Level 1.0 Air Magic
 + Level 1.0 Earth Magic
 + Level 5.5 Poison Magic
 + Level 1.3 Invocations
 + Level 1.2 Evocations


You had 10 spell levels left.
You knew the following spells:

 Your Spells              Type           Power      Damage    Failure   Level
a - Sting                 Tmut/Pois      92%        1d7       3%          1
b - Poisonous Vapours     Pois/Air       40%        N/A       7%          2

Your spell library contained the following spells:

 Spells                   Type           Power      Damage    Failure   Level
 Mephitic Cloud           Conj/Pois/Air  17%        N/A       19%         3
 Olgreb's Toxic Radiance  Pois           30%        N/A       19%         4


Dungeon Overview and Level Annotations

Branches:
Dungeon (3/15)

Altars:
Ashenzari

Shops:
D:1 !

Annotations:
D:3 exclusions: endoplasm and howler monkey


Innate Abilities, Weirdness & Mutations

You have very sharp teeth.
Your uncanny sense of smell can sniff out nearby items.
Your experience applies equally to all skills.
You have sharp toenails.
You are weak. (Str -2)
Your movements are slightly less encumbered by armour. (ER -2)


Message History

Found a sedimented silvery potion and 4 gold pieces.
Found a stone staircase leading down.
The kobold shouts!
The kobold brigand shouts!
The kobold throws a stone.
The stone hits you but does no damage.
Unknown command.
Unknown command.
Unknown command.
As you read the scroll labelled POEMOS ETHRARUO, it crumbles to dust.
You feel aware of your surroundings.
It was a scroll of magic mapping.
The kobold brigand throws a curare-tipped dart.
The curare-tipped dart hits you.
You are poisoned.
You have difficulty breathing.
You feel yourself slow down.
You feel very sick.
The kobold shouts!
You are quite poisoned (18 -> 7).
You are slowed.
Your movement speed is very slow.
Your attack delay is about 1.4.
Unknown command.
It was a potion of brilliance.
You feel clever all of a sudden.
You feel very sick.
The kobold shouts!
The kobold brigand throws a curare-tipped dart.
The curare-tipped dart misses you. The kobold barely misses you.
The kobold brigand throws a curare-tipped dart.
The curare-tipped dart hits you.
You are lethally poisoned!
You have difficulty breathing.
* * * LOW HITPOINT WARNING * * *
You feel as though you will be slow longer.
It was a potion of mutation.
You feel extremely strange.
Your toenails lengthen and sharpen.
You feel less encumbered by your armour.
You feel weaker.
* * * LOW HITPOINT WARNING * * *
You feel very sick.
The kobold throws a stone.
The stone closely misses you. The kobold closely misses you.
It was a potion of haste.
You feel yourself speed up.
You die...

*,,,,,,,,***,***************
*,,,∆,,#.#**.# *,,,,,,,,,,,
*,,,,,,*..**.# *,**********
*,,,,,,*#.#*.# *,*
*,,,,,***..*.# *,* *,,,,,*
*#.#.# *,* *,,,,,* *...# *,*
******* *#..# *,* #@K# *,*
#..# *,* *****#K.#***,*
#...!.K...#*,*
#.....K..$#*,*
#.........#*,*
#.........#*,*
#........>+,,*
#.........#***


You could see a kobold brigand and 3 kobolds.

Vanquished Creatures
  2 adders (D:2)
  A gnoll (D:1)
  2 dart slugs (D:1)
  2 orcs (D:3)
  5 ball pythons (D:1)
  5 bats
  6 endoplasms
  2 giant cockroaches
  7 goblins
  8 hobgoblins
  4 jackals (D:1)
  4 kobolds
  4 frilled lizards
  5 rats
57 creatures vanquished.

Notes
Turn   | Place    | Note
-------+----------+-------------------------------------------
     0 | D:1      | CrazyMind the Gnoll Venom Mage began the quest for the Orb.
     0 | D:1      | Reached XP level 1. HP: 13/13 MP: 6/6
   407 | D:1      | Reached XP level 2. HP: 19/19 MP: 4/7
   489 | D:1      | Learned a level 2 spell: Poisonous Vapours
   609 | D:1      | Found a faded altar of an unknown god.
   761 | D:1      | Found Biekkuomui's Distillery.
   856 | D:1      | Reached XP level 3. HP: 25/25 MP: 6/9
   859 | D:1      | Reached skill level 5 in Spellcasting
  1103 | D:1      | Reached skill level 1 in Invocations
  1534 | D:2      | Reached skill level 1 in Fighting
  1534 | D:2      | Reached skill level 1 in Short Blades
  1534 | D:2      | Reached skill level 1 in Long Blades
  1534 | D:2      | Reached skill level 1 in Axes
  1534 | D:2      | Reached skill level 1 in Maces & Flails
  1534 | D:2      | Reached skill level 1 in Polearms
  1534 | D:2      | Reached skill level 1 in Staves
  1534 | D:2      | Reached skill level 1 in Slings
  1534 | D:2      | Reached skill level 1 in Bows
  1534 | D:2      | Reached skill level 1 in Crossbows
  1534 | D:2      | Reached skill level 1 in Throwing
  1534 | D:2      | Reached skill level 1 in Armour
  1534 | D:2      | Reached skill level 1 in Shields
  1534 | D:2      | Reached skill level 1 in Unarmed Combat
  1534 | D:2      | Reached skill level 1 in Evocations
  2005 | D:2      | Reached XP level 4. HP: 27/32 MP: 6/11
  2905 | D:3      | Found a broken altar of Ashenzari.
  2914 | D:3      | Reached skill level 1 in Conjurations
  2914 | D:3      | Reached skill level 1 in Hexes
  2914 | D:3      | Reached skill level 1 in Summonings
  2914 | D:3      | Reached skill level 1 in Necromancy
  2914 | D:3      | Reached skill level 1 in Translocations
  2914 | D:3      | Reached skill level 1 in Fire Magic
  2914 | D:3      | Reached skill level 1 in Ice Magic
  2914 | D:3      | Reached skill level 1 in Air Magic
  2914 | D:3      | Reached skill level 1 in Earth Magic
  3190 | D:3      | You fall into a shaft and drop 3 floors!
  3196 | D:6      | Noticed a kobold brigand
  3201 | D:6      | Gained mutation: You have sharp toenails. [potion of
                  | mutation]
  3201 | D:6      | Gained mutation: Your movements are slightly less
                  | encumbered by armour. (ER -2) [potion of mutation]
  3201 | D:6      | Gained mutation: You are weak. (Str -2) [potion of
                  | mutation]
  3202 | D:6      | Succumbed to a kobold brigand's curare-tipped dart

Illustrated notes

Levels and vault maps discovered:
D:1:      nzn_arrival_depleted_hourglass, layout_loops_corners,
          hellmonk_ecumenical_altar_arch_garden, serial_shops, shop,
          supply_closet_lemuel, skrybe_limestone_x,
          chequers_serial_rivers_micro_c
D:2:      layout_loops_corners, nrook_mini_backslash, nrook_mini_vaults
D:3:      layout_rooms, ashenzari_conservatory_becter
D:6:      layout_basic

Skill      XL: |  1  2  3  4 |
---------------+-------------+-----
Transmutations | 2 |  2.3
Spellcasting   | 5 |  5.1
Invocations    | 1 |  1.3
Fighting       | 1 |  1.2
Short Blades   | 1 |  1.2
Long Blades    | 1 |  1.2
Axes           | 1 |  1.2
Maces & Flails | 1 |  1.2
Polearms       | 1 |  1.2
Staves         | 1 |  1.2
Slings         | 1 |  1.2
Bows           | 1 |  1.2
Crossbows      | 1 |  1.2
Throwing       | 1 |  1.2
Armour         | 1 |  1.2
Shields        | 1 |  1.2
Unarmed Combat | 1 |  1.2
Evocations     | 1 |  1.2
Conjurations   | 1 |  1.0
Hexes          | 1 |  1.0
Summonings     | 1 |  1.0
Necromancy     | 1 |  1.0
Translocations | 1 |  1.0
Fire Magic     | 1 |  1.0
Ice Magic      | 1 |  1.0
Air Magic      | 1 |  1.0
Earth Magic    | 1 |  1.0
Dodging        | |  4.7
Stealth        | |  4.3
Poison Magic   | |  5.5

Action                   |  1- 3 |  4- 6 || total
-------------------------+-------+-------++-------
Melee: Unarmed           |     9 |       ||     9
       Bite              |     5 |       ||     5
       Dagger            |    36 |    22 ||    58
       Spear             |       |     2 ||     2
 Cast: Sting             |    41 |    28 ||    69
       Poisonous Vapours |     2 |       ||     2
  Use: Scroll            |       |     3 ||     3
       Potion            |       |     3 ||     3
 Stab: Sleeping          |    12 |     4 ||    16
Armor: Robe              |    12 |     2 ||    14
       Leather armour    |       |     3 ||     3
Dodge: Dodged            |    37 |    26 ||    63
